 Dungeon Crawl Stone Soup version 0.18-a0-1782-gb76a692 (webtiles) character file.

189 barb4r1an the Skirmisher (level 5, -2/51 HPs)
             Began as a Gargoyle Berserker on Apr 17, 2016.
             Was a Believer of Trog.
             Slain by an orc
             ... wielding a +0 dagger
              (3 damage)
             ... on level 3 of the Dungeon.
             The game lasted 00:04:37 (1834 turns).

barb4r1an the Skirmisher (Gargoyle Berserker)       Turns: 1834, Time: 00:04:38

Health: -2/51      AC:  6    Str: 26    XL:     5   Next: 68%
Magic:  5/5        EV: 12    Int:  8    God:    Trog [**....]
Gold:   132        SH:  2    Dex:  9    Spells: 0 memorised, 4 levels left

rFire  . . .     SeeInvis .     a - +0 falchion
rCold  . . .     Gourm    .     b - +0 animal skin
rNeg   + . .     Faith    .     (no shield)
rPois  ∞         Spirit   .     (no helmet)
rElec  +         Dismiss  .     (no cloak)
rCorr  .         Reflect  +     (no gloves)
SustAt .         Harm     .     (no boots)
MR     .....                    l - +2 amulet of reflection
Stlth  ..........               (no ring)
                                (no ring)

@: berserking, very quick, not resistant to hostile enchantments, extremely
unstealthy
A: negative energy resistance 1, electricity resistance, unbreathing,
petrification resistance, rot immunity, AC +4
a: Berserk, Trog's Hand, Burn Spellbooks, Renounce Religion


You were on level 3 of the Dungeon.
You worshipped Trog.
Trog was pleased with you.
You were hungry.

You visited 1 branch of the dungeon, and saw 3 of its levels.

You collected 132 gold pieces.

Inventory:

Hand Weapons
 a - a +0 falchion (weapon)
Armour
 b - a +0 animal skin (worn)
Jewellery
 l - a +2 amulet of reflection (around neck)
 q - an uncursed ring of protection from fire {unknown}
Scrolls
 c - a scroll of enchant armour {unknown}
 d - 6 scrolls of identify {unknown}
 e - a scroll of magic mapping {unknown}
 h - 2 scrolls of teleportation {unknown}
 p - a scroll of random uselessness {unknown}
Potions
 i - a potion of agility {unknown}
 k - 2 potions of might {unknown}
 m - a potion of berserk rage {unknown}
 n - a potion of ambrosia {unknown}
 o - a potion of curing {unknown}
Comestibles
 f - a slice of pizza
 g - a meat ration


   Skills:
 + Level 4.5 Fighting
 + Level 3.6 Long Blades
 + Level 3.4 Armour
 + Level 2.7 Dodging


You had 4 spell levels left.
You didn't know any spells.

Dungeon Overview and Level Annotations

Branches:
Dungeon (3/15)

Altars:
Dithmenos


Innate Abilities, Weirdness & Mutations

You are resistant to torment.
Your stone body is resilient (AC +4).
You are immune to poison.
You resist negative energy.
You are resistant to electric shocks.
You can survive without breathing.
You are immune to petrification.
You are immune to rotting.


Message History

A bat comes into view.
You hit the orc.
The orc is severely wounded.
The bat moves out of view.
The orc barely misses you.
The orc priest invokes the aid of Beogh against you.
Beogh smites you!
* * * LOW HITPOINT WARNING * * *
The orc barely misses you.
You barely miss the orc.
The orc is severely wounded.
The orc completely misses you. The orc misses you. The orc barely misses you.
You slash the orc!
You kill the orc!
Trog accepts your kill. The bat barely misses you.
You slash the bat!
You kill the bat!
Trog accepts your kill. The orc barely misses you.
The orc hits you with a dagger.
You die...

.# # .#.# #.#.# ....###
# #.# ....... # #.#
....... # #.#
####o.=.... # #.#
#..@)o..... # #.#
##.##o...... ####.#
##..###......
..##.#######............
..............####......
####.######...# .....
##.....####.###... ....
................... ....
.....).########....


You could see an orc priest and 2 orcs.

Vanquished Creatures
  An orc wizard (D:3)
  Natasha (thrice) (D:2)
  3 adders
  A gnoll (D:1)
  An ooze (D:3)
  2 dart slugs
  A giant gecko (D:2)
  2 orcs (D:3)
  4 bats
  2 giant cockroaches
  5 goblins
  3 hobgoblins (D:1)
  A quokka (D:2)
  4 giant newts
  7 kobolds
  11 rats
51 creatures vanquished.

Notes
Turn   | Place    | Note
--------------------------------------------------------------
     0 | D:1      | barb4r1an the Gargoyle Berserker began the quest for the Orb.
     0 | D:1      | Reached XP level 1. HP: 14/14 MP: 1/1
   100 | D:1      | Reached XP level 2. HP: 17/19 MP: 2/2
   407 | D:1      | Reached XP level 3. HP: 23/23 MP: 3/3
   955 | D:2      | Reached ** piety under Trog
  1046 | D:2      | Noticed Natasha
  1059 | D:2      | Killed Natasha
  1059 | D:2      | Reached XP level 4. HP: 16/29 MP: 4/4
  1075 | D:2      | Noticed Natasha
  1157 | D:2      | Killed Natasha
  1157 | D:2      | Reached skill level 4 in Fighting
  1364 | D:2      | Found a shadowy altar of Dithmenos.
  1377 | D:2      | Noticed Natasha
  1383 | D:2      | Killed Natasha
  1383 | D:2      | Reached XP level 5. HP: 33/33 MP: 5/5
  1831 | D:3      | HP: 1/51 [orc priest/divine providence (10)]
  1834 | D:3      | Slain by an orc

Vault maps used:
D:1:      dpeg_arrival_rooms_with_view, st_stairs_3
D:2:      grunt_dithmenos_smoke, uniq_natasha

Skill      XL: |  1  2  3  4 |
---------------+-------------+-----
Long Blades    | 3 |  3.6
Dodging        | 2 |  2.7
Fighting       | 4 |  4.5
Armour         | 3 |  3.4

Action                   |  1- 3 |  4- 6 || total
-------------------------+-------+-------++-------
Melee: Falchion          |    80 |    63 ||   143
Invok: Berserk           |     1 |     3 ||     4
  Eat: Bread ration      |       |     1 ||     1
       Beef jerky        |       |     1 ||     1
Armor: Animal skin       |    16 |    18 ||    34
Dodge: Dodged            |    54 |    38 ||    92
Block: Other             |     4 |     5 ||     9
